 Dungeon Crawl Stone Soup version 0.27-a0-637-g3a9f0a9c12 (webtiles) character file.

Game seed: 16215671147249880812

30286 Johnny the Thaumaturge (level 13, -2/88 HPs)
             Began as a Deep Elf Earth Elementalist on Mar 15, 2021.
             Was the Champion of Okawaru.
             Slain by a boulder beetle (70 damage)
             ... on level 4 of the Lair of Beasts.
             The game lasted 00:24:04 (17725 turns).

Johnny the Thaumaturge (DEEE)                      Turns: 17725, Time: 00:24:04

Health: -2/88      AC: 10    Str:  5    XL:     13   Next: 19%
Magic:  14/33      EV: 16    Int: 41    God:    Okawaru [******]
Gold:   443        SH:  0    Dex: 19    Spells: 27/40 levels left

rFire    . . .     SeeInvis .   e - +10 war axe of the Skies Above {protect, Int+3 Dex+4}
rCold    . . .     Faith    .   (no shield)
rNeg     + . .     Spirit   .   J - +1 leather armour of Honesty {rPois Regen+}
rPois    +         Reflect  .   n - +1 helmet
rElec    .         Harm     +   D - scarf {harm}
rCorr    .         Rampage  .   P - +0 pair of gloves
Will     +....                  y - +2 pair of boots
Stlth    ++........             w - macabre finger necklace {rN+}
HPRegen  1.24/turn              F - +6 ring of intelligence
MPRegen  0.23/turn              T - +4 ring of evasion
                                h - +6 ring of intelligence

@: no status effects
A: no striking features
a: Renounce Religion, Heroism, Finesse


You were on level 4 of the Lair of Beasts.
You worshipped Okawaru.
Okawaru was exalted by your worship.
You visited 3 branches of the dungeon, and saw 16 of its levels.
You also visited: Gauntlet and Volcano.

You collected 728 gold pieces.
You spent 285 gold pieces at shops.

Inventory:

Hand Weapons
 e - the +10 war axe of the Skies Above (weapon) {protect, Int+3 Dex+4}
   (You took it off a gnoll sergeant on level 8 of the Dungeon)

   It grants its wielder temporary protection when it strikes (+7 to AC).
   It affects your intelligence (+3).
   It affects your dexterity (+4).
 q - the +7 longbow of Pakhut {freeze, rElec rC+}
   (Okawaru gifted it to you on level 3 of the Lair of Beasts)

   It causes projectiles fired from it to freeze those they strike, causing
   extra injury to most foes and up to half again as much damage against
   particularly susceptible opponents.
   They can also slow down cold-blooded creatures.
   It protects you from cold.
   It insulates you from electricity.
Missiles
 b - 163 stones
Armour
 n - a +1 helmet (worn)
 y - a +2 pair of boots (worn)
 D - a scarf of harm (worn)
 J - the +1 leather armour of Honesty (worn) {rPois Regen+}
   (You found it on level 7 of the Dungeon)

   It protects you from poison.
   It increases your rate of regeneration.
 P - a +0 pair of gloves (worn)
Jewellery
 a - a +6 ring of strength
 g - a ring of protection from cold
 h - a +6 ring of intelligence (on amulet)
 r - an amulet of magic regeneration
 t - a ring of protection from fire
 w - the macabre finger necklace (around neck) {rN+}
   (You found it in a Gauntlet)

   [amulet of nothing]

   It enables you to equip an extra ring.
   It protects you from negative energy.
 B - a ring of poison resistance
 F - a +6 ring of intelligence (right hand)
 T - a +4 ring of evasion (left hand)
 U - a ring of wizardry
Wands
 c - a wand of polymorph (43)
 s - a wand of iceblast (9)
 x - a wand of charming (2)
 G - a wand of mindburst (8)
 K - a wand of random effects (38)
 L - a wand of paralysis (4)
Scrolls
 d - 4 scrolls of immolation
 j - 2 scrolls of noise {unknown}
 k - 9 scrolls of teleportation
 l - 2 scrolls of magic mapping
 o - 3 scrolls of enchant weapon
 v - 5 scrolls of amnesia
 E - 2 scrolls of enchant armour
 O - a scroll of torment
Potions
 f - 2 potions of curing
 i - a potion of flight {unknown}
 m - 3 potions of resistance
 p - 4 potions of attraction
 u - a potion of brilliance {unknown}
 z - 3 potions of haste
 A - 3 potions of degeneration
 C - 6 potions of heal wounds
 H - 2 potions of invisibility
 I - 2 potions of might {unknown}
 M - a potion of berserk rage
 S - a potion of ambrosia {unknown}
Miscellaneous
 N - a tin of tremorstones (inert)
 Q - a lightning rod (1/4)
 R - a phial of floods


   Skills:
 * Level 13.2 Fighting
 - Level 2.4 Dodging
 - Level 2.4 Stealth
 + Level 14.4 Spellcasting
 - Level 1.1 Transmutations
 + Level 12.6 Earth Magic


You had 27 spell levels left.
You knew the following spells:

 Your Spells              Type           Power      Damage    Failure   Level
a - Sandblast             Erth           100%       2d20      0%          1
b - Stone Arrow           Conj/Erth      100%       3d13      1%          3
c - Lee's Rapid Deconstr  Erth           46%        3d23*     1%          5
d - Petrify               Tmut/Erth      72%        N/A       1%          4

Your spell library contained the following spells:

 Spells                   Type           Power      Damage    Failure   Level
 Corona                   Hex            32%        N/A       1%          1
 Foxfire                  Conj/Fire      100%       2x1d9     1%          1
 Passwall                 Tmut/Erth      60%        N/A       1%          2
 Leda's Liquefaction      Hex/Erth       34%        N/A       1%          4
 Slow                     Hex            29%        N/A       2%          2
 Borgnjor's Vile Clutch   Necr/Erth      34%        N/A       3%          5
 Inner Flame              Hex/Fire       29%        N/A       5%          3
 Portal Projectile        Hex/Tloc       58%        N/A       5%          3
 Animate Dead             Necr           14%        N/A       17%         4
 Cause Fear               Hex            14%        N/A       17%         4
 Fireball                 Conj/Fire      14%        3d8       43%         5
 Death Channel            Necr           14%        N/A       95%         6
 Simulacrum               Ice/Necr       14%        N/A       95%         6
 Ignition                 Fire           14%        3d6       100%        8


Dungeon Overview and Level Annotations

Branches:
Dungeon (9/15)             Temple (1/1) D:5            Lair (6/6) D:9
 Shoals (0/4) Lair:4        Snake (0/4) Lair:2        Slime (0/5) Lair:6
Volcano (visited)         Gauntlet (visited)
    Orc: D:9-12

Altars:
Ashenzari
Cheibriados
Dithmenos
Elyvilon
Fedhas
Gozag
Hepliaklqana
Kikubaaqudgha
Makhleb
Nemelex Xobeh
Okawaru
Qazlal
Ru
Sif Muna
Trog
Uskayaw
Vehumet
Wu Jian
Xom
Yredelemnul
Zin
The Shining One

Shops:
D:6 ?

Annotations:
D:5 1 runed translucent door, petercordia's ghost, weakling DsDe


Message History

The cane toad stings you!
Your komodo dragon misses the cane toad.
The cane toad closely misses you.
You slash the cane toad!
You kill the cane toad!
Okawaru accepts your kill. What are your orders? t - Shout!
Orders for allies: a - Attack new target. r - Retreat! s - Stop attacking. g - Guard the area. f - Follow me.
Anything else - Cancel.
Gang up on whom?
Press: ? - help, Dir - move target, f - boulder beetle
Aim: a boulder beetle (severely wounded, very poisoned) Attack!
The boulder beetle hits your komodo dragon!!!
Your komodo dragon dies!
The boulder beetle stops rolling and uncurls.
The boulder beetle curls into a ball and begins rolling!
Casting: Lee's Rapid Deconstruction (mildly dangerous; 1% risk of failure)
Confirm with . or Enter, or press ? or * to list all spells.
Aiming: Lee's Rapid Deconstruction (mildly dangerous; 1% risk of failure)
Press: ? - help, Dir - move target, p - boulder beetle A rock wall.
The wall shatters!
The blast of rock fragments hits the boulder beetle but does no damage.
The boulder beetle is almost dead.
Unknown command.
Casting: Lee's Rapid Deconstruction (mildly dangerous; 1% risk of failure)
Confirm with . or Enter, or press ? or * to list all spells.
Aiming: Lee's Rapid Deconstruction (mildly dangerous; 1% risk of failure)
Press: ? - help, Dir - move target A rock wall.
The wall shatters!
The blast of rock fragments hits the boulder beetle but does no damage.
The boulder beetle is almost dead.
The boulder beetle hits you!!!
Ouch! That really hurt!
You die...

†## #.......#.,****,,,* *,,
#†####......##*## *,,** *******,
...##........##.#***,,,***,,+,,+,
...##.....<.....,,*,,,,,,+,,***,,
...P##......#...,,,*,,****,,* **,
...##........##,,**,,,* **** *,
.#.###......○#####,*,.# **,
.#.##......†##...##...##*******,,
>#.#.#......°○○B@......#,,**,*,,,
........................,,,,,,,,,
#.##.#.######.##PP#....#,*,,,*,,*
##.###.# #######*#P#.,*******,
### ### **#*** **


You could see a boulder beetle (very poisoned).

Vanquished Creatures
  A minotaur (Gauntlet)
  A red draconian (Volcano)
  The ghost of hemabe71 the Covert, a journeyman HuAr of Okawaru (Lair:1)
  4 hydras
  Fannar (Lair:1)
  A centaur warrior (Volcano)
  A catoblepas (Lair:5)
  2 two-headed ogres (D:8)
  Sonja (Lair:1)
  A fire crab (Gauntlet)
  2 black mambas
  3 torpor snails (Lair:1)
  8 cane toads
  6 komodo dragons
  4 rime drakes
  A yaktaur (Volcano)
  A polar bear (Lair:5)
  7 blink frogs
  Prince Ribbit (D:9)
  4 dream sheep (Lair:5)
  12 flying skulls (Gauntlet)
  Sigmund (D:3)
  2 basilisks
  3 yaks (Lair:5)
  Grum (Lair:1)
  2 wyverns
  9 fire bats
  A steam dragon (Lair:5)
  2 vampire mosquitoes (D:9)
  Edmund (D:4)
  4 nagas (Lair:2)
  An acid dragon (Lair:5)
  9 water moccasins
  3 orc warriors
  2 black bears
  2 sky beasts
  A necrophage (D:7)
  4 ogres
  13 wolves
  8 centaurs
  Blork the orc (D:6)
  7 bullfrogs
  A gnoll sergeant (D:8)
  A water moccasin skeleton (D:9)
  A scorpion (D:4)
  8 wights
  7 lava snakes (Volcano)
  A wyvern simulacrum (Gauntlet)
  2 jellies
  11 orc priests
  2 hounds
  Terence (D:2)
  An iguana (D:5)
  9 orc wizards
  6 worker ants
  A bullfrog simulacrum (Gauntlet)
  A centaur simulacrum (Gauntlet)
  A hound zombie (D:9)
  3 hound skeletons
  A worker ant zombie (D:5)
  Robin (D:3)
  9 gnolls
  8 adders
  2 white imps
  An ufetubus (D:2)
  2 worms
  A dart slug (D:4)
  5 leopard geckos
  45 orcs
  9 bats
  7 giant cockroaches
  12 hobgoblins
  21 jackals
  3 quokkas
  2 ball pythons
  5 frilled lizards
  17 goblins
  2 jackal skeletons (D:6)
  6 kobolds
  A leopard gecko zombie (D:9)
  5 rats
362 creatures vanquished.

Vanquished Creatures (others)
  A komodo dragon (Lair:4)
  19 fungi
  50 plants
  2 withered plants (Gauntlet)
72 creatures vanquished.

Grand Total: 434 creatures vanquished

Notes
Turn   | Place    | Note
-------+----------+-------------------------------------------
     0 | D:1      | Johnny the Deep Elf Earth Elementalist began the quest for
                  | the Orb.
     0 | D:1      | Reached XP level 1. HP: 10/10 MP: 6/6
   245 | D:1      | Reached XP level 2. HP: 16/16 MP: 4/8
   336 | D:1      | Reached skill level 1 in Fighting
   562 | D:1      | Reached XP level 3. HP: 10/20 MP: 8/10
  1043 | D:2      | Learned a level 3 spell: Stone Arrow
  1850 | D:2      | Reached XP level 4. HP: 26/26 MP: 8/11
  1944 | D:2      | Noticed Terence
  1976 | D:2      | Killed Terence
  1977 | D:2      | Reached skill level 4 in Spellcasting
  2320 | D:2      | Reached XP level 5. HP: 7/31 MP: 5/13
  3662 | D:3      | You fall into a shaft and drop 1 floor!
  3923 | D:4      | Reached XP level 6. HP: 37/37 MP: 12/15
  3968 | D:4      | Reached skill level 5 in Spellcasting
  3969 | D:4      | Noticed Edmund
  3973 | D:5      | Entered Level 5 of the Dungeon
  4078 | D:4      | Killed Edmund
  4079 | D:4      | Reached skill level 5 in Earth Magic
  4514 | D:4      | Reached XP level 7. HP: 19/43 MP: 15/17
  5243 | D:5      | Reached skill level 6 in Spellcasting
  5394 | D:5      | Found a staircase to the Ecumenical Temple.
  5412 | D:5      | Learned a level 5 spell: Lee's Rapid Deconstruction
  5417 | D:5      | Learned a level 4 spell: Petrify
  5479 | D:5      | Reached skill level 5 in Fighting
  5536 | D:5      | Found a runed translucent door.
  5536 | D:5      | Noticed petercordia's ghost (weakling DsDe)
  5728 | D:5      | Found a blossoming altar of Fedhas.
  5743 | D:5      | Reached XP level 8. HP: 5/50 MP: 14/20
  6265 | Temple   | Entered the Ecumenical Temple
  6416 | Temple   | Became a worshipper of Warmaster Okawaru
  6626 | D:3      | Found a sacrificial altar of Ru.
  6629 | D:3      | Found a stormy altar of Qazlal.
  6629 | D:3      | Found a broken altar of Ashenzari.
  6631 | D:3      | Found a shimmering altar of Xom.
  6631 | D:3      | Found an opulent altar of Gozag.
  6631 | D:3      | Found a shimmering altar of Xom.
  6651 | D:3      | Reached skill level 7 in Spellcasting
  6807 | D:3      | Noticed Sigmund
  6815 | D:3      | Killed Sigmund
  6945 | D:3      | Found a snail-covered altar of Cheibriados.
  6945 | D:3      | Found a white marble altar of Elyvilon.
  6945 | D:3      | Found a basalt altar of Yredelemnul.
  6972 | D:3      | Noticed Robin
  6999 | D:3      | Killed Robin
  7736 | D:6      | Reached * piety under Okawaru
  7947 | D:6      | Noticed Blork the orc
  7956 | D:6      | Killed Blork the orc
  8097 | D:6      | Found Sorexytu's Magic Scroll Shoppe.
  8112 | D:6      | Reached skill level 8 in Spellcasting
  8152 | D:6      | Bought a scroll of identify for 26 gold pieces
  8152 | D:6      | Bought a scroll of blinking for 97 gold pieces
  8152 | D:6      | Bought a scroll of identify for 26 gold pieces
  8152 | D:6      | Bought a scroll of teleportation for 39 gold pieces
  8152 | D:6      | Bought a scroll of enchant armour for 97 gold pieces
  8681 | D:7      | Reached XP level 9. HP: 40/56 MP: 13/23
  9164 | D:7      | Found a hazy altar of Hepliaklqana.
  9354 | D:7      | Identified the +1 leather armour of Honesty {rPois Regen+}
  9396 | D:8      | Noticed a two-headed ogre
  9409 | D:8      | Killed a two-headed ogre
  9409 | D:8      | Reached ** piety under Okawaru
  9410 | D:8      | Reached skill level 9 in Spellcasting
  9708 | D:8      | Noticed a two-headed ogre
  9712 | D:8      | Killed a two-headed ogre
  9712 | D:8      | Reached *** piety under Okawaru
  9712 | D:8      | Reached **** piety under Okawaru
  9713 | D:8      | Reached XP level 10. HP: 65/65 MP: 15/25
  9742 | D:8      | Identified the +10 war axe of the Skies Above {protect,
                  | Int+3 Dex+4}
  9929 | D:8      | Reached skill level 10 in Spellcasting
 10008 | D:8      | Found an ornate altar of the Wu Jian Council.
 10813 | D:9      | Identified the Tome of the Mountains and the Blaze
 11036 | D:9      | Noticed Prince Ribbit
 11042 | D:9      | Killed Prince Ribbit
 11155 | D:9      | Found a staircase to the Lair.
 11573 | Lair:1   | Entered Level 1 of the Lair of Beasts
 11706 | Lair:1   | Noticed Grum
 11712 | Lair:1   | Killed Grum
 11827 | Lair:1   | Found a runed translucent door.
 11838 | Lair:1   | Noticed hemabe71's ghost (journeyman HuAr)
 11860 | Lair:1   | Noticed a cane toad
 11864 | Lair:1   | Killed a cane toad
 11868 | Lair:1   | Reached skill level 11 in Spellcasting
 11953 | Lair:1   | Noticed Sonja
 11958 | Lair:1   | Killed Sonja
 11958 | Lair:1   | Reached ***** piety under Okawaru
 11959 | Lair:1   | Reached skill level 10 in Fighting
 12027 | Lair:1   | Found a snail-covered altar of Cheibriados.
 12027 | Lair:1   | Noticed a torpor snail
 12032 | Lair:1   | Killed a torpor snail
 12032 | Lair:1   | Received a gift from Okawaru
 12117 | Lair:1   | Noticed Fannar
 12125 | Lair:1   | Killed Fannar
 12126 | Lair:1   | Reached skill level 10 in Earth Magic
 12126 | Lair:1   | Reached XP level 11. HP: 58/72 MP: 22/28
 12475 | Lair:1   | Identified the +0 robe of the Thinker {Regen+ Dex+3}
                  | (Okawaru gifted it to you on level 1 of the Lair of Beasts)
 12475 | Lair:1   | Received a gift from Okawaru
 12937 | Lair:1   | Killed hemabe71's ghost
 13155 | Lair:2   | Noticed a five-headed hydra
 13171 | Lair:2   | Noticed a seven-headed hydra
 13174 | Lair:2   | Found a gate leading to a gauntlet.
 13183 | Gauntlet | Entered a Gauntlet
 13183 | Gauntlet | Found a transporter.
 13192 | Gauntlet | Found a transporter.
 13207 | Gauntlet | Found a transporter.
 13212 | Gauntlet | Found a transporter.
 13233 | Gauntlet | Found a transporter.
 13246 | Gauntlet | Found the macabre finger necklace {rN+}
 13246 | Gauntlet | Found a transporter.
 13258 | Gauntlet | Found a transporter.
 13279 | Gauntlet | Noticed a quicksilver ooze
 13281 | Gauntlet | Found a transporter.
 13287 | Gauntlet | Found a transporter.
 13287 | Gauntlet | Noticed a hell hog
 13298 | Gauntlet | Found a large runed translucent door.
 13299 | Gauntlet | Found a large runed translucent door.
 13299 | Gauntlet | Noticed a quicksilver ooze
 13300 | Gauntlet | Found a large runed translucent door.
 13300 | Gauntlet | Found a large runed translucent door.
 13301 | Gauntlet | Found a runed translucent gate.
 13302 | Gauntlet | Found a transporter.
 13302 | Gauntlet | Found a runed translucent gate.
 13303 | Gauntlet | Found a runed translucent gate.
 13304 | Gauntlet | Found a large runed translucent door.
 13304 | Gauntlet | Found a large runed translucent door.
 13304 | Gauntlet | Found a runed translucent door.
 13304 | Gauntlet | Found a runed translucent door.
 13305 | Gauntlet | Found a large runed translucent door.
 13306 | Gauntlet | Found a large runed translucent door.
 13308 | Gauntlet | Found a transporter.
 13313 | Gauntlet | Found a large runed translucent door.
 13313 | Gauntlet | Found a large runed translucent door.
 13314 | Gauntlet | Found a large runed translucent door.
 13315 | Gauntlet | Found a large runed translucent door.
 13323 | Gauntlet | Found a transporter.
 13325 | Gauntlet | Found a large runed translucent door.
 13325 | Gauntlet | Found a large runed translucent door.
 13326 | Gauntlet | Found a large runed translucent door.
 13327 | Gauntlet | Found a large runed translucent door.
 13329 | Gauntlet | Found a transporter.
 13368 | Gauntlet | Found a transporter.
 13369 | Gauntlet | Noticed an oklob plant
 13395 | Gauntlet | Found a transporter.
 13395 | Gauntlet | Noticed a fire crab
 13415 | Gauntlet | Found a transporter.
 13428 | Gauntlet | Found a transporter.
 13429 | Gauntlet | Found a transporter.
 13439 | Gauntlet | Killed a fire crab
 13440 | Gauntlet | Reached skill level 12 in Spellcasting
 13828 | Gauntlet | Noticed a minotaur
 13836 | Gauntlet | Killed a minotaur
 14293 | Lair:3   | Noticed a seven-headed hydra
 14315 | Lair:3   | Killed a seven-headed hydra
 14316 | Lair:3   | Reached XP level 12. HP: 80/80 MP: 17/30
 14578 | Lair:3   | Reached skill level 13 in Spellcasting
 14597 | Lair:3   | Identified the +7 longbow of Pakhut {freeze, rElec rC+}
                  | (Okawaru gifted it to you on level 3 of the Lair of Beasts)
 14597 | Lair:3   | Received a gift from Okawaru
 14845 | Lair:3   | You fall into a shaft and drop 3 floors!
 14845 | Lair:6   | Entered Level 6 of the Lair of Beasts
 14846 | Lair:6   | Noticed a four-headed hydra
 14849 | Lair:6   | Noticed a four-headed hydra
 14850 | Lair:6   | Noticed a death yak
 14867 | Lair:6   | Noticed a seven-headed hydra
 15581 | Lair:5   | Noticed a catoblepas
 15593 | Lair:5   | Killed a catoblepas
 15604 | Lair:5   | Identified the +5 great mace of Ynawk {protect, Dex+4}
                  | (Okawaru gifted it to you on level 5 of the Lair of Beasts)
 15604 | Lair:5   | Received a gift from Okawaru
 16519 | Lair:4   | Noticed an eight-headed hydra
 16529 | Lair:4   | Killed an eight-headed hydra
 16551 | Lair:4   | Found a dark tunnel.
 16558 | Volcano  | Entered a volcano
 16740 | Volcano  | Reached skill level 14 in Spellcasting
 16906 | Volcano  | Noticed a red draconian
 16906 | Volcano  | Noticed a centaur warrior
 16917 | Volcano  | Killed a centaur warrior
 16926 | Volcano  | Killed a red draconian
 16926 | Volcano  | Reached ****** piety under Okawaru
 16927 | Volcano  | Reached XP level 13. HP: 79/87 MP: 3/33
 17085 | Volcano  | Found a radiant altar of Vehumet.
 17117 | Volcano  | Found a burning altar of Makhleb.
 17707 | Lair:4   | Received a gift from Okawaru
 17725 | Lair:4   | Slain by a boulder beetle

Illustrated notes

Levels and vault maps discovered:
D:1:      dpeg_arrival_boxes_within_box, layout_rooms
D:2:      layout_basic, uniq_terence
D:3:      layout_loops_ring, gammafunk_temple_overflow_forgotten,
          doesnt_xom_only_xom, uniq_robin, uniq_sigmund
D:4:      layout_basic, uniq_edmund
D:5:      layout_cave_pools, temple_fountains, serial_glass, glass_columns_a,
          glass_columns_c, glass_columns_b, glass_columns_b, glass_columns_a,
          glass_columns_b, ebering_ghost_inner_flame, basic_altar
D:6:      layout_rooms, serial_shops, shop, uniq_blork_the_orc
D:7:      layout_loops_cross, lemuel_coloured_pillars_altar
D:8:      layout_basic, lemuel_round_altar
D:9:      layout_layer_cave, david_lair_shrubbed, uniq_prince_ribbit1
Temple:   nicolae_temple_elliptical
Lair:1:   layout_roguey, ebering_ghost_reflecting_pool, kennysheep_snail_temple,
          uniq_fannar, uniq_sonja, uniq_grum
Lair:2:   layout_misc_corridors, minmay_snake_entry_guardpost_medium,
          gauntlet_entry_generic
Lair:3:   layout_cave_pods, eino_house_with_fridge, uniq_nergalle
Lair:4:   cheibrodos_lair_river_kwai, layout_regular_city, shoals_dummy_entry,
          nicolae_volcano_entry_hallway
Lair:5:   layout_layer_cave, guppyfry_lair_drakes, grunt_megastairs_3,
          lemuel_fruit_fields
Lair:6:   gammafunk_lair_ancient_temple, layout_layer_cave, slime_altar_1,
          hangedman_lair_unloving_vines

Skill      XL: |  1  2  3  4  5  6  7  8  9 10 11 12 13 |
---------------+----------------------------------------+-----
Fighting       | 1 2 3 4 5 6 8 10 11 12 13 | 13.2
Earth Magic    | 4 5 6 7 8 10 11 12 | 12.6
Spellcasting   | 4 5 6 8 9 11 12 14 | 14.4
Dodging        | |  2.4
Stealth        | |  2.4
Transmutations | |  1.1

Action                   |  1- 3 |  4- 6 |  7- 9 | 10-12 | 13-15 || total
-------------------------+-------+-------+-------+-------+-------++-------
Melee: Hand axe          |    78 |    51 |       |       |       ||   129
       Unarmed           |     1 |       |       |       |       ||     1
       War axe           |       |    18 |       |    52 |     2 ||    72
       Flail             |       |    17 |    47 |       |       ||    64
       Trident           |       |       |     8 |       |       ||     8
 Cast: Sandblast         |    45 |    67 |   102 |    61 |     5 ||   280
       Stone Arrow       |     1 |     5 |    36 |   135 |    19 ||   196
       Petrify           |       |       |     2 |     3 |       ||     5
       Lee's Rapid Decon |       |       |     1 |    40 |     4 ||    45
Evoke: Wand              |       |       |       |    14 |     5 ||    19
       Lightning rod     |       |       |       |     6 |       ||     6
       Tin of tremorston |       |       |       |     2 |       ||     2
  Use: Potion            |       |     3 |       |     6 |       ||     9
       Scroll            |       |       |    11 |    12 |       ||    23
 Stab: Distracted        |     1 |       |     1 |       |       ||     2
       Sleeping          |       |     4 |     5 |     4 |       ||    13
Armor: Robe              |    30 |    39 |    30 |       |       ||    99
       Skin              |       |    14 |       |     5 |       ||    19
       Leather armour    |       |       |     8 |    89 |     4 ||   101
Dodge: Dodged            |    90 |    89 |    72 |   125 |     7 ||   383

Table legend: (Time is in decaauts)
 A = Elapsed time spent in this place.
 B = Non-inter-level travel time spent in this place.
 C = Inter-level travel time spent in this place.
 D = Time resting spent in this place.
 E = Time spent auto-exploring this place.
 F = Levels seen in this place.
 G = Mean time per level.
                   A        B        C        D        E       F      G
               +--------+--------+--------+--------+--------+-----+--------+
         Total |  17834 |  17313 |    521 |   4287 |  10359 |  18 |  990.8 |
       Dungeon |  11503 |  11179 |    324 |   2552 |   6990 |   9 | 1278.1 |
        Temple |    170 |    140 |     30 |      0 |    138 |   1 |  170.0 |
          Lair |   4746 |   4579 |    167 |   1187 |   2630 |   6 |  791.0 |
       Volcano |    623 |    623 |      0 |    142 |    361 |   1 |  623.0 |
      Gauntlet |    789 |    789 |      0 |    406 |    240 |   1 |  789.0 |
               +--------+--------+--------+--------+--------+-----+--------+

Top non-repeatable levels by time:
     D:4: 1746 daAuts
     D:2: 1720 daAuts
  Lair:5: 1588 daAuts
  Lair:1: 1586 daAuts
     D:5: 1478 daAuts
     D:3: 1428 daAuts
     D:9: 1276 daAuts
     D:1: 1158 daAuts
     D:8: 946 daAuts
     D:6: 899 daAuts
     D:7: 848 daAuts
Gauntlet: 789 daAuts
  Lair:3: 706 daAuts
 Volcano: 623 daAuts
  Lair:4: 619 daAuts
